 Dungeon Crawl Stone Soup version 0.29-a0-1047-g7c58e119a4 (webtiles) character file.

Game seed: 11009054040823243026

3000 Pelinal the Frost Mage (level 9, -1/67 HPs)
             Began as a Merfolk Ice Elementalist on Aug 16, 2022.
             Was a Follower of Ashenzari.
             Slain by a two-headed ogre
             ... wielding a +0 giant club
              (30 damage)
             ... on level 8 of the Dungeon.
             The game lasted 00:19:16 (7941 turns).

Pelinal the Frost Mage (Merfolk Ice Elementalist)   Turns: 7941, Time: 00:19:16

Health: -1/67      AC:  5    Str:  9    XL:     9   Next: 84%
Magic:  5/12       EV: 18    Int: 18    God:    Ashenzari [*.....]
Gold:   459        SH:  3    Dex: 14    Spells: 4/13 levels left

rFire   . . .      SeeInvis .   L - +0 trident (spect)
rCold   . . .      Faith    .   N - +0 buckler
rNeg    + . .      Spirit   .   r - +0 robe of Supernal Understanding {Melee, Self} (curse)
rPois   .          Reflect  .   (no helmet)
rElec   .          Harm     .   Q - +0 cloak
rCorr   .          Rampage  .   (no gloves)
Will    .....                   q - +1 pair of boots
Stlth   +++.......              i - amulet of the Sidereal Sage {Regen+, Bglg, Elem} (curse)
HPRegen 1.01/turn               m - +4 ring of evasion
MPRegen 0.13/turn               o - ring of positive energy

@: wereblooded (expiring), hasted, very quick
A: (nimble swimmer 2), mertail
a: Renounce Religion, Shatter the Chains


You were on level 8 of the Dungeon.
You worshipped Ashenzari.
Ashenzari was aware of your devotion.
You visited 2 branches of the dungeon, and saw 9 of its levels.

You collected 459 gold pieces.

Inventory:

Hand Weapons
 a - a +0 dagger of electrocution
 c - a +0 spear
 e - a +3 dagger
 j - a +0 vampiric dagger
 l - a +1 dagger of venom
 L - a +0 spectral trident (weapon)
Missiles
 C - a throwing net
 H - 12 poisoned darts (quivered)
Armour
 q - a +1 pair of boots (worn)
 r - the cursed +0 robe of Supernal Understanding (worn) {Melee, Self}

   It has a curse which improves the following skills: Melee Combat: Short
   Blades, Long Blades, Axes, Maces & Flails, Polearms, Staves and Unarmed
   Combat.
   Introspection: Fighting and Spellcasting.
 N - a +0 buckler (worn)
 Q - a +0 cloak (worn)
Jewellery
 i - the cursed amulet of the Sidereal Sage (around neck) {Regen+, Bglg, Elem}
   (You found it on level 1 of the Dungeon)

   [amulet of regeneration]

   Regen:     It increases your rate of health regeneration.
   It has a curse which improves the following skills: Beguiling: Conjurations,
   Hexes and Translocations.
   Elements:  Fire Magic, Ice Magic, Air Magic and Earth Magic.
 m - a +4 ring of evasion (left hand)
 o - a ring of positive energy (right hand)
Wands
 b - a wand of digging (3)
 D - a wand of flame (18)
 G - a wand of paralysis (1)
 P - a wand of roots (3)
Scrolls
 g - 4 scrolls of amnesia
 h - a scroll of magic mapping
 k - a scroll of noise
 s - 4 scrolls of immolation
 t - 3 scrolls of vulnerability
 y - 2 scrolls of enchant armour
 B - a scroll of torment
 F - a scroll of teleportation
 I - a scroll of fear
 J - a scroll of enchant weapon
 M - a scroll of poison
 R - a scroll of acquirement
Potions
 d - 2 potions of berserk rage
 f - 5 potions of mutation
 n - a potion of brilliance
 p - 2 potions of haste
 u - 2 potions of might
 v - a potion of cancellation
 w - 2 potions of attraction
 x - 2 potions of curing
 z - 3 potions of lignification
 A - 2 potions of heal wounds
 E - a potion of invisibility
 K - a potion of magic
 O - a potion of flight


   Skills:
 + Level 4.1(4.9) Fighting
 + Level 4.6(5.4) Polearms
 * Level 5.2 Throwing
 + Level 5.6 Dodging
 - Level 5.1 Stealth
 - Level 2.0(2.6) Spellcasting
 + Level 3.6 Transmutations
 - Level 9.1(10.0) Ice Magic
 - Level 5.0 Evocations


You had 4 spell levels left.
You knew the following spells:

 Your Spells              Type           Power      Damage    Failure   Level
a - Freeze                Ice            100%       1d11      1%          1
b - Frozen Ramparts       Ice            76%        1d12      1%          3
c - Ozocubu's Armour      Ice            38%        N/A       1%          3
d - Wereblood             Tmut           15%        N/A       8%          2

Your spell library contained the following spells:

 Spells                   Type           Power      Damage    Failure   Level
 Beastly Appendage        Tmut           30%        N/A       5%          1
 Sting                    Tmut/Pois      32%        1d4       11%         1
 Necrotise                Necr           8%         1d4       24%         1
 Hailstorm                Conj/Ice       20%        3d6       28%         4
 Spider Form              Tmut/Pois      8%         N/A       32%         3
 Poisonous Vapours        Pois/Air       4%         N/A       34%         2
 Sublimation of Blood     Necr           2%         N/A       34%         2
 Gell's Gravitas          Tloc           2%         N/A       54%         3
 Portal Projectile        Hex/Tloc       4%         N/A       54%         3
 Teleport Other           Tloc           2%         N/A       54%         3
 Call Canine Familiar     Summ           2%         N/A       56%         3
 Vampiric Draining        Necr           2%         2d6       56%         3
 Leda's Liquefaction      Hex/Erth       1%         N/A       91%         4
 Olgreb's Toxic Radiance  Pois           2%         N/A       93%         4
 Lee's Rapid Deconstruct  Erth           1%         3d5*      99%         5
 Agony                    Necr           2%         N/A       100%        5
 Dispersal                Tloc           1%         N/A       100%        6
 Statue Form              Tmut/Erth      6%         N/A       100%        6
 Summon Hydra             Summ           1%         N/A       100%        7


Dungeon Overview and Level Annotations

Branches:
Dungeon (8/15)             Temple (1/1) D:5
   Lair: D:8-11

Altars:
Ashenzari
Cheibriados
Dithmenos
Elyvilon
Fedhas
Gozag
Hepliaklqana
Kikubaaqudgha
Makhleb
Nemelex Xobeh
Okawaru
Qazlal
Ru
Sif Muna
Trog
Uskayaw
Vehumet
Wu Jian
Xom
Yredelemnul
Zin
The Shining One

Shops:
D:1 =   D:3 (   D:4 !   D:7 :

Annotations:
D:4 Sigmund
D:5 exclusion: door
D:6 Maggie
D:8 exclusion: door


Innate Abilities, Weirdness & Mutations

((You are very nimble when in or above water. (Stealth+, EV+, Speed+++)))
Your lower body shifts to a powerful aquatic tail in water.


Message History

You hear two shouts!
A two-headed ogre comes into view.
It is wielding a +0 giant club and a +0 giant spiked club.
The two-headed ogre shouts in stereo!
You see here a poisoned dart.
Aiming: Paralyse
Press: ? - help, Shift-Dir - straight line, f - two-headed ogre
Aim: a two-headed ogre, wielding a +0 giant club and a +0 giant spiked club (chance to affect: 44%)
Okay, then.
Okay, then.
Throw: 13 darts (poison)
Press: ? - help, Q - select action, (/) - cycle Shift-Dir - straight line, f - two-headed ogre
Aim: a two-headed ogre, wielding a +0 giant club and a +0 giant spiked club (79% to hit)
You throw a poisoned dart.
The poisoned dart hits the two-headed ogre!
The two-headed ogre is poisoned.
Aiming: Fastroot
Press: ? - help, Shift-Dir - straight line, f/p - two-headed ogre
Aim: a two-headed ogre, wielding a +0 giant club and a +0 giant spiked club (very poisoned)
The roots erupt in riotous growth!
Roots grab the two-headed ogre.
You howl as the wereblood boils in your veins!
The grasping roots constrict the two-headed ogre.
The two-headed ogre escapes!
Unknown command.
You howl as the wereblood boils in your veins!
Aiming: Paralyse
Press: ? - help, Shift-Dir - straight line, f/p - two-headed ogre
Aim: a two-headed ogre, wielding a +0 giant club and a +0 giant spiked club (lightly wounded, very poisoned, chance to affect: 44%)
The two-headed ogre resists with some effort.
The two-headed ogre hits you with a +0 giant club!
The two-headed ogre barely misses you.
Unknown command.
Okay, then.
Okay, then.
You feel yourself speed up.
Unknown command.
Your primal bloodlust is almost over.
The two-headed ogre hits you with a +0 giant club!!
The two-headed ogre hits you with a +0 giant spiked club!!
You die...

#....#.####
#....#
##.###.#..#
#....# #.#......#
#....# #.#.#.#.##
#....#
#.#.#.#...<#....#
#†#.#.#..#.#....#
###'#)#.#..#
#....'
#.......#..#
##...#
#.@..#######
#####
#.O..'......
#...)#######
#..(..(....
###........
#........
#........
#........
#........


You could see a two-headed ogre (very poisoned).

Vanquished Creatures
  Maurice (D:8)
  Grinder (D:3)
  A hornet (D:7)
  A wyvern (D:7)
  A water moccasin (D:8)
  2 orc warriors (D:8)
  A bullfrog (D:8)
  A necrophage (D:4)
  4 scorpions
  5 wights (D:7)
  4 killer bees (D:8)
  5 hounds
  4 orc priests
  A jelly (D:5)
  A gnoll bouda (D:4)
  4 iguanas
  10 orc wizards
  8 gnolls
  12 adders
  A shadow imp (D:7)
  A white imp (D:7)
  3 ufetubi
  3 worms
  4 dart slugs
  40 orcs
  10 ball pythons
  8 endoplasms
  4 giant cockroaches
  13 goblins
  7 hobgoblins
  9 quokkas
  7 bats
  8 frilled lizards
  9 kobolds
  4 rats
198 creatures vanquished.

Vanquished Creatures (others)
  2 fungi (D:1)
  7 plants (D:1)
9 creatures vanquished.

Grand Total: 207 creatures vanquished

Notes
Turn   | Place    | Note
-------+----------+-------------------------------------------
     0 | D:1      | Pelinal the Merfolk Ice Elementalist began the quest for
                  | the Orb.
     0 | D:1      | Reached XP level 1. HP: 13/13 MP: 3/3
    16 | D:1      | Found Meurunua's Jewellery Shoppe.
   197 | D:1      | Reached XP level 2. HP: 18/19 MP: 3/5
   279 | D:1      | Reached skill level 5 in Ice Magic
   407 | D:1      | Found a faded altar of an unknown god.
   536 | D:1      | Reached XP level 3. HP: 24/24 MP: 6/6
   563 | D:1      | Learned a level 3 spell: Frozen Ramparts
  1265 | D:2      | Reached skill level 6 in Ice Magic
  1265 | D:2      | Reached XP level 4. HP: 30/30 MP: 0/7
  1754 | D:2      | Learned a level 3 spell: Ozocubu's Armour
  1799 | D:2      | Reached XP level 5. HP: 35/35 MP: 4/8
  2040 | D:3      | Reached skill level 7 in Ice Magic
  2108 | D:3      | Noticed Grinder
  2806 | D:3      | Found Zinigon's Weapon Emporium.
  2962 | D:4      | Reached XP level 6. HP: 41/41 MP: 2/9
  3093 | D:4      | Found Daghuz's Distillery.
  3100 | D:4      | Reached skill level 8 in Ice Magic
  3263 | D:4      | Reached XP level 7. HP: 39/46 MP: 0/10
  3397 | D:4      | Reached skill level 9 in Ice Magic
  3558 | D:4      | Reached skill level 1 in Evocations
  3667 | D:4      | Noticed Sigmund
  3959 | D:5      | Entered Level 5 of the Dungeon
  4249 | D:5      | Noticed a wyvern
  4339 | D:5      | Found a staircase to the Ecumenical Temple.
  4430 | Temple   | Entered the Ecumenical Temple
  4450 | Temple   | Became a worshipper of Ashenzari the Shackled
  4884 | D:6      | Noticed Maggie
  5298 | D:6      | Reached XP level 8. HP: 43/52 MP: 11/11
  5754 | D:3      | Killed Grinder
  6019 | D:7      | Reached skill level 5 in Evocations
  6105 | D:7      | Reached skill level 5 in Stealth
  6206 | D:7      | Reached skill level 1 in Throwing
  6267 | D:7      | Noticed a hornet
  6272 | D:7      | Killed a hornet
  6273 | D:7      | Reached skill level 1 in Fighting
  6273 | D:7      | Reached skill level 1 in Polearms
  6323 | D:7      | Found an ornate altar of the Wu Jian Council.
  6455 | D:7      | Noticed a wyvern
  6459 | D:7      | Killed a wyvern
  6513 | D:7      | Found Lyqonun's Self-Improvement Boutique.
  6548 | D:7      | Reached XP level 9. HP: 55/62 MP: 5/12
  6558 | D:7      | Learned a level 2 spell: Wereblood
  6750 | D:7      | Reached skill level 1 in Transmutations
  6998 | D:8      | Reached * piety under Ashenzari
  7405 | D:8      | Found a basalt altar of Yredelemnul.
  7550 | D:8      | Noticed Maurice
  7557 | D:8      | Killed Maurice
  7558 | D:8      | Reached skill level 5 in Dodging
  7790 | D:8      | Reached skill level 5 in Throwing
  7847 | D:8      | Identified a scroll of acquirement
  7933 | D:8      | Noticed a two-headed ogre
  7941 | D:8      | Slain by a two-headed ogre

Illustrated notes

Levels and vault maps discovered:
D:1:      eino_arrival_water_cross, layout_basic,
          shapermc_ecumenical_altar_mp_ritualfount, serial_shops, shop_statue
D:2:      minmay_chambers_of_ones, layout_rooms, minmay_increasing_density
D:3:      minmay_skewed_foursquare, layout_basic, serial_shops,
          nicolae_lakefront_shop, uniq_grinder
D:4:      layout_basic, serial_shops, nicolae_take_the_stairs,
          kennysheep_generic_room_6, uniq_sigmund
D:5:      layout_basic, temple_hall, minmay_fractal_squares_gapless_5
D:6:      layout_loops_cross, uniq_maggie
D:7:      layout_loops_ring, mainiacjoe_overflow_tiny_flanked,
          nicolae_shop_self_help
D:8:      layout_basic, yredelemnul_forgotten_temple_becter, uniq_maurice
Temple:   nicolae_temple_bog_church

Skill      XL: |  1  2  3  4  5  6  7  8  9 |
---------------+----------------------------+-----
Ice Magic      | 5 6 7 8 9 |  9.1
Evocations     | 4 5 |  5.0
Stealth        | 3 5 |  5.1
Throwing       | 3 5 |  5.2
Dodging        | 4 5 |  5.6
Fighting       | 2 4 |  4.1
Polearms       | 2 4 |  4.6
Transmutations | 3 |  3.6
Spellcasting   | |  2.0

Action                   |  1- 3 |  4- 6 |  7- 9 || total
-------------------------+-------+-------+-------++-------
Melee: Dagger            |    63 |   104 |   163 ||   330
       Punch             |       |     1 |     4 ||     5
       Trident           |       |       |    38 ||    38
Throw: Dart              |       |       |     4 ||     4
 Cast: Freeze            |    26 |    21 |    14 ||    61
       Frozen Ramparts   |     1 |     8 |    21 ||    30
       Ozocubu's Armour  |       |     4 |    22 ||    26
       Wereblood         |       |       |     3 ||     3
Invok: Curse Item        |       |       |     2 ||     2
Evoke: Wand              |       |       |     7 ||     7
  Use: Scroll            |     1 |     1 |     8 ||    10
       Potion            |       |       |     6 ||     6
 Stab: Sleeping          |     3 |     4 |     7 ||    14
       Paralysed         |       |       |     8 ||     8
Armor: Robe              |    15 |    18 |    48 ||    81
Dodge: Dodged            |    52 |   107 |   182 ||   341
Block: Buckler           |       |       |     3 ||     3

Table legend: (Time is in decaauts)
 A = Elapsed time spent in this place.
 B = Non-inter-level travel time spent in this place.
 C = Inter-level travel time spent in this place.
 D = Time resting spent in this place.
 E = Time spent auto-exploring this place.
 F = Levels seen in this place.
 G = Mean time per level.
                   A        B        C        D        E       F      G
               +--------+--------+--------+--------+--------+-----+--------+
         Total |   7920 |   7254 |    666 |    739 |   4582 |   9 |  880.0 |
       Dungeon |   7802 |   7154 |    648 |    739 |   4504 |   8 |  975.2 |
        Temple |    117 |     99 |     18 |      0 |     78 |   1 |  117.0 |
               +--------+--------+--------+--------+--------+-----+--------+

Top non-repeatable levels by time:
     D:4: 1099 daAuts
     D:3: 1075 daAuts
     D:1: 1073 daAuts
     D:7: 996 daAuts
     D:8: 990 daAuts
     D:2: 940 daAuts
     D:6: 850 daAuts
     D:5: 775 daAuts
  Temple: 117 daAuts
